[Event "Uhlenkoeper-Open 2024"]
[Site "Uelzen"]
[Date "2024.12.28"]
[Round "3.2"]
[White "Askerov, Imamali"]
[Black "Glek, Igor"]
[Result "0-1"]
[ECO "B38"]
[WhiteElo "2007"]
[BlackElo "2431"]
[Annotator "TA"]
[PlyCount "108"]
[EventDate "2024.12.27"]
[EventType "swiss"]
[EventCountry "GER"]
[SourceTitle "playchess.com"]
[Source "ChessBase"]
[SourceQuality "1"]
[TimeControl "40/5400+30:1800+30"]

1. e4 c5 2. Nf3 g6 3. c4 Nc6 4. d4 cxd4 5. Nxd4 Bg7 6. Be3 Nf6 7. Nc3 O-O 8. Be2 d6 9. O-O Bd7 10. Rc1 Nxd4 11. Bxd4 Bh6 12. f4 Bc6 13. Bxf6 exf6 {[%emt 0:00:06] White has an edge.} 14. Qd4 Bg7 15. Qd2 Qb6+ 16. Kh1 Rfe8 17. Bf3 Rad8 18. b3 Qa5 {[%emt 0:06:16] Dodges Nd5} 19. Qd3 a6 20. Rc2 f5 21. Nd5 (21. exf5 $11 Bxf3 22. Qxf3 Qxf5 23. Qd1 Bxc3 24. Rxc3) 21... Bxd5 $15 22. Qxd5 Qxd5 23. exd5 Bd4 24. g3 {[%emt 0:00:55] White is weak on the dark squares} Re3 25. Kg2 Bc5 26. Rff2 Kf8 27. Rfe2 Rde8 28. Rcd2 h5 29. Rc2 a5 30. Rb2 b6 31. Rbd2 a4 32. Rxe3 Rxe3 $11 {[%emt 0:00:08][%mdl 4096] Endgame. KRB-KRB} 33. Bd1 a3 34. Re2 Rd3 35. Bc2 Rc3 36. Kf1 {[%emt 0:00:30] [#]} (36. h4 $1 $11 {keeps the balance.}) 36... h4 $1 $17 37. Kg2 hxg3 38. hxg3 Kg7 {[%emt 0:00:07] Black is more active.} 39. Kh3 Kf6 40. Kg2 g5 41. fxg5+ Kxg5 42. Bd1 (42. Rd2 $17 {was necessary.}) 42... f4 $19 43. gxf4+ Kxf4 {[%emt 0:01:19] Threatens to win with ...Rg3+.} 44. Bc2 (44. b4 $17 Rg3+ (44... Bxb4 45. Rf2+ Ke5 46. Rxf7 $17) 45. Kh2 Bg1+ (45... Bxb4 46. Rf2+ Ke3 47. Re2+ Kf4 48. Rf2+ Ke3 49. Re2+ Kf4 $11) 46. Kh1) 44... f5 {[%emt 0:02:40] Strongly threatening ...Rg3+.} 45. Kf1 $2 (45. b4 {keeps fighting.} Bd4 (45... Bxb4 $2 46. Rf2+ Ke3 47. Rf3+ Kd2 48. Bxf5 $19) 46. c5 bxc5 47. bxc5 Rxc5 (47... Rg3+ $2 48. Kh2 $19) 48. Kf1) 45... Rh3 {[%emt 0:04:51] White must now prevent ...Kf3.} ({Not} 45... Rf3+ 46. Kg2 $17) 46. Kg2 Rg3+ 47. Kh2 Rg5 {[%emt 0:05:36] ( -> ...Kf3)} ({Less strong is} 47... Bg1+ 48. Kh1 $17) 48. b4 $2 {[%emt 0:01:35] [#]} (48. Rd2 $19) 48... Kf3 $1 {[%emt 0:08:33][%cal Rg5h5] Black mates.} (48... Bxb4 $2 49. Kh1 $19) 49. bxc5 {[%emt 0:01:45] KRB-KR} Rh5+ 50. Kg1 Kxe2 51. c6 Rg5+ 52. Kh2 Kf2 53. Bxf5 Rxf5 54. Kh3 Rf4 {[%emt 0:00:33] Weighted Error Value: White=0.36/Black=0.03 (flawless) .  Mistake:       	White=6     	---        Inaccurate:     	White=1     	Black=1      OK:         	White=10    	Black=18     Best:        	White=3     	Black=1      Strong:       	---       	Black=1} 0-1

[Event "Uhlenkoeper-Open 2024"]
[Site "Uelzen"]
[Date "2024.12.28"]
[Round "3.3"]
[White "Parvanyan, Ashot"]
[Black "Bogomolow, Sergej"]
[Result "1-0"]
[ECO "E90"]
[WhiteElo "2399"]
[BlackElo "2090"]
[Annotator "TA"]
[PlyCount "71"]
[EventDate "2024.12.27"]
[EventType "swiss"]
[EventCountry "GER"]
[SourceTitle "playchess.com"]
[Source "ChessBase"]
[SourceQuality "1"]
[TimeControl "40/5400+30:1800+30"]

1. Nf3 Nf6 2. c4 g6 3. Nc3 Bg7 4. e4 d6 5. d4 O-O 6. h3 e5 7. d5 Nh5 8. g3 Qe8 9. Be2 f5 10. exf5 {[%emt 0:00:13] White is slightly better.} gxf5 11. Nh4 Nf6 12. g4 (12. Rg1 $14) 12... Ne4 (12... f4 $11 {keeps the balance.}) 13. Nxe4 $16 fxe4 14. Be3 Na6 15. Qd2 Nc5 16. O-O-O a5 {[%emt 0:15:40] White leaves nothing to chance now.} 17. Rhg1 a4 18. Nf5 Rf7 (18... Bxf5 $142 19. gxf5 Kh8) 19. Nxg7 Rxg7 20. h4 Kh8 21. h5 b6 (21... Nd3+ $16 22. Kb1 (22. Bxd3 exd3 23. Bh6 Rg8 $16) 22... Qf7) 22. g5 $18 Bf5 {[%emt 0:00:38] [#]} (22... a3 {was worth a try.}) 23. g6 $1 Qd7 (23... hxg6 24. hxg6) 24. Bh6 Re7 $2 (24... a3) 25. Qg5 {[%emt 0:02:23] And now Qf6+ would win.} hxg6 26. hxg6 Kg8 27. Qf6 Nd3+ 28. Bxd3 exd3 {[%emt 0:00:01] Black is weak on the dark squares} 29. Rh1 {[%emt 0:00:45] Threatening mate with Rh4.} Be4 30. Rh4 (30. Bf8 $142 Bxh1 31. Rxh1 (31. Qxe7 Qxe7 32. Bxe7 Be4 $17) 31... Rg7 32. Bxg7 (32. Qxg7+ Qxg7 33. Bxg7 Kxg7 $17) 32... d2+ 33. Kxd2 Qxg7 34. Qe6+ Kf8 35. Rh8+ Qxh8 36. Qf7#) 30... a3 31. Bf8 {[%emt 0:00:00][%csl Gf6][%cal Rh4h8] White mates.} (31. Rxe4 axb2+ 32. Kd2 Qa4 $19) 31... axb2+ 32. Kd2 b1=N+ 33. Ke3 Rg7 34. Bxg7 (34. Rxe4 $2 {too greedy.} Qh3+ (34... Rxf8 $2 35. Qh4 $19) 35. f3 Qh6+ $19 (35... Rxf8 $2 36. Rh4 $19) (35... Rxf8 $2 36. Rh4 $19)) 34... Qxg7 35. Qe6+ Kf8 {[%emt 0:00:10] [#]} 36. Rh8+ $3 {[%emt 0:00:04][%mdl 512] Weighted Error Value: White=0.09 (flawless) /Black=0.85.  Mistake:       	White=1     	Black=5      Inaccurate:     	---       	Black=3      OK:         	White=8     	Black=6      Best:        	White=1     	---        Brilliant:      	White=1     	---} 1-0

[Event "Uhlenkoeper-Open 2024"]
[Site "Uelzen"]
[Date "2024.12.28"]
[Round "3.4"]
[White "Tarasenko, Nazar"]
[Black "Bagrationi, Alexander"]
[Result "0-1"]
[ECO "A57"]
[WhiteElo "2011"]
[BlackElo "2384"]
[Annotator "TA"]
[PlyCount "64"]
[EventDate "2024.12.27"]
[EventType "swiss"]
[EventCountry "GER"]
[SourceTitle "playchess.com"]
[Source "ChessBase"]
[SourceQuality "1"]
[TimeControl "40/5400+30:1800+30"]

1. d4 Nf6 2. c4 c5 3. d5 b5 4. cxb5 a6 5. e3 e6 6. Nc3 exd5 7. Nf3 (7. Nxd5 {might be stronger.} Bb7 8. Nxf6+ Qxf6 9. Nf3) 7... Bb7 $11 8. a4 Be7 9. Be2 {[%emt 0:03:31] The position is equal.} O-O 10. O-O axb5 11. Bxb5 Na6 12. b3 Nc7 13. Bd3 Ne4 14. Bb2 Bf6 15. Rc1 Ne6 16. Bb1 Bxc3 17. Bxc3 Nxc3 18. Rxc3 Qf6 19. Qd3 g6 {[%emt 0:04:46] ...d4 would now be deadly. Active counter play!} 20. Rd1 (20. Rcc1 $1 $15) 20... d4 $19 21. exd4 (21. Rcc1 {keeps fighting.}) 21... cxd4 $2 (21... Rfe8 $1 $19 {Threatens to win with ...Nf4.} 22. Qd2 (22. dxc5 $2 Nf4 $19) 22... cxd4) 22. Nxd4 $17 Nf4 23. Qd2 Nxg2 {[%emt 0:00:40] And now ...Rfe8 would win.} 24. Rg3 ({Don't go for} 24. Rc7 $2 Nf4 25. f3 (25. Rxb7 $2 {gets mated.} Qg5+ 26. Kf1 Qg2+ 27. Ke1 Qh1#) 25... Bxf3 26. Nxf3 Qb6+ 27. Nd4 Qxc7 $19) 24... Nf4 {[%emt 0:00:27] Strongly threatening ...Rfe8.} 25. Nf5 Nh5 26. Nh6+ Kg7 27. Ng4 Qf4 $36 {[%emt 0:06:57][%mdl 2048] White is under pressure.} 28. Qb2+ {[%emt 0:07:03] [#]} (28. Qxf4 $1 $11 {remains equal.} Nxf4 29. Bd3) 28... f6 $1 ({Don't play} 28... Kg8 29. h3 $11) 29. Rxd7+ Rf7 {[%emt 0:00:08] Chess con chili.} 30. Rd4 {[%emt 0:01:28] [#]} Re8 $1 {[%emt 0:11:44][%mdl 1024] Black has strong compensation.} 31. Ne3 Qe5 32. Nf5+ {[%emt 0:01:12][%mdl 8192] [#]} (32. Rgg4 $17) 32... Qxf5 $3 {[%emt 0:00:10][%mdl 512] Weighted Error Value: White=0.35/Black=0.10 (very precise) .  Loses game:     	White=1     	---        Missed win:     	---       	Black=1      Mistake:       	White=3     	---        Inaccurate:     	---       	Black=1      OK:         	White=8     	Black=8      Best:        	White=2     	Black=4      Strong:       	---       	Black=1      Brilliant:      	---       	Black=1} 0-1

[Event "Uhlenkoeper-Open 2024"]
[Site "Uelzen"]
[Date "2024.12.28"]
[Round "3.5"]
[White "Stopa, Jacek"]
[Black "Dehn, Marcus"]
[Result "1-0"]
[ECO "E40"]
[WhiteElo "2323"]
[BlackElo "2053"]
[Annotator "RC"]
[PlyCount "65"]
[EventDate "2024.12.27"]
[EventType "swiss"]
[EventCountry "GER"]
[SourceTitle "playchess.com"]
[Source "ChessBase"]
[SourceQuality "1"]
[TimeControl "40/5400+30:1800+30"]

1. d4 Nf6 2. c4 e6 3. Nc3 Bb4 4. e3 O-O 5. Bd3 d6 6. Nge2 e5 7. O-O Nc6 8. d5 Ne7 9. a3 Bxc3 10. Nxc3 Ng6 11. b4 Nd7 12. Qc2 a5 13. Bd2 Qe7 14. f3 Nb6 15. Rac1 axb4 16. axb4 Bd7 17. Qb3 Kh8 18. Ne2 Ba4 19. Qb1 Bd7 20. e4 Ra3 21. Rc3 Rxc3 22. Bxc3 Qg5 23. Qc1 Qxc1 24. Rxc1 Na4 25. Ba1 b6 26. Rc2 Nh4 27. f4 f5 28. fxe5 fxe4 29. Bxe4 dxe5 30. Ng3 Re8 31. c5 bxc5 32. bxc5 g6 33. Rc4 1-0

[Event "Uhlenkoeper-Open 2024"]
[Site "Uelzen"]
[Date "2024.12.28"]
[Round "3.6"]
[White "von Estorff, Jacob"]
[Black "Buecklers, Martin"]
[Result "1/2-1/2"]
[ECO "B06"]
[WhiteElo "2209"]
[BlackElo "1859"]
[Annotator "RC"]
[PlyCount "124"]
[EventDate "2024.12.27"]
[EventType "swiss"]
[EventCountry "GER"]
[SourceTitle "playchess.com"]
[Source "ChessBase"]
[SourceQuality "1"]
[TimeControl "40/5400+30:1800+30"]

1. e4 g6 2. d4 Bg7 3. c3 d5 4. e5 f6 5. f4 Nh6 6. Bd3 Bf5 7. Nf3 Bxd3 8. Qxd3 c6 9. O-O O-O 10. a4 Na6 11. b4 Nc7 12. Na3 a6 13. Ra2 Qd7 14. Nc2 Qf5 15. Qe2 Ne6 16. g3 fxe5 17. Ne3 Qh3 18. dxe5 Ng4 19. c4 Nxe3 20. Bxe3 Qf5 21. Rd1 dxc4 22. Qxc4 Kh8 23. Rad2 Rfd8 24. Nh4 Qg4 25. Qxe6 Qxe6 26. Rxd8+ Rxd8 27. Rxd8+ Bf8 28. Rxf8+ Kg7 29. Rb8 Qb3 30. Bc5 Qd1+ 31. Kg2 Qd2+ 32. Kh3 Qd7+ 33. e6 Qxe6+ 34. f5 Qd7 35. Kg2 Qd2+ 36. Kh3 Qd7 37. g4 Qd3+ 38. Kg2 Qe2+ 39. Kh3 h5 40. gxh5 gxh5 41. f6+ Kf7 42. Kg3 Qe5+ 43. Kg2 Qxb8 44. Bxe7 Qf4 45. Nf3 h4 46. a5 Ke6 47. Kf2 Kd5 48. Ke2 Qg4 49. Ke3 Qe4+ 50. Kf2 Qf4 51. Ke2 Ke4 52. Nd2+ Kf5 53. Kd3 Ke6 54. Ne4 Qf5 55. Kd4 Qe5+ 56. Kd3 Qf5 57. Kd4 Qd5+ 58. Ke3 Ke5 59. Nf2 Qd4+ 60. Kf3 Qf4+ 61. Ke2 Kd4 62. h3 Qe5+ 1/2-1/2

[Event "Uhlenkoeper-Open 2024"]
[Site "Uelzen"]
[Date "2024.12.28"]
[Round "3.7"]
[White "Leppert, Stefan"]
[Black "Bargsten, Justus"]
[Result "0-1"]
[ECO "D35"]
[WhiteElo "1930"]
[BlackElo "2228"]
[Annotator "RC"]
[PlyCount "72"]
[EventDate "2024.12.27"]
[EventType "swiss"]
[EventCountry "GER"]
[SourceTitle "playchess.com"]
[Source "ChessBase"]
[SourceQuality "1"]
[TimeControl "40/5400+30:1800+30"]

1. d4 d5 2. c4 e6 3. Nc3 Nf6 4. cxd5 exd5 5. Bg5 c6 6. Qc2 Bd6 7. e3 O-O 8. Bd3 h6 9. Bh4 Re8 10. Nf3 Be6 11. O-O Nbd7 12. Rab1 a5 13. a3 Qb8 14. Bg3 Bxg3 15. hxg3 Qd6 16. Na4 b6 17. Rfc1 Rec8 18. b4 b5 19. Nc5 Qe7 20. Qb2 Nb6 21. Ne5 Ne8 22. Ra1 a4 23. Qc2 Rc7 24. Ra2 Nc4 25. Nxe6 Qxe6 26. Nxc4 bxc4 27. Be2 Nd6 28. Bf3 f5 29. Raa1 g5 30. Re1 g4 31. Bd1 h5 32. Qc1 Qf6 33. Bc2 Rh7 34. Qb1 h4 35. Kf1 hxg3 36. fxg3 Ne4 0-1

[Event "Uhlenkoeper-Open 2024"]
[Site "Uelzen"]
[Date "2024.12.28"]
[Round "3.8"]
[White "Nyenhuis, Yannek"]
[Black "Martin, Dennis"]
[Result "0-1"]
[ECO "B33"]
[WhiteElo "1943"]
[BlackElo "2005"]
[Annotator "NA RC"]
[PlyCount "74"]
[EventDate "2024.12.27"]
[EventType "swiss"]
[EventCountry "GER"]
[SourceTitle "playchess.com"]
[Source "ChessBase"]
[SourceQuality "1"]
[TimeControl "40/5400+30:1800+30"]

1. e4 c5 2. Nf3 Nc6 3. d4 cxd4 4. Nxd4 Nf6 5. Nc3 e5 6. Ndb5 d6 7. Bg5 a6 8. Na3 b5 9. Nab1 Be7 10. Bxf6 Bxf6 11. a4 b4 12. Nd5 Rb8 13. Bc4 O-O 14. O-O Bg5 15. Qd3 a5 16. Bb5 Ne7 17. c3 Nxd5 18. Qxd5 Bb7 19. Qd3 d5 20. exd5 Qxd5 21. Qxd5 Bxd5 22. cxb4 axb4 23. Re1 Rfc8 24. h4 Bh6 25. g4 Bf4 26. Bf1 Be6 27. Bg2 Rc1 28. Rxc1 Bxc1 29. Nd2 Bxb2 30. Rb1 Bc3 31. Ne4 Bd4 32. a5 Ba2 33. Rd1 Rb5 34. Rc1 Rb8 35. a6 b3 36. Nc5 b2 37. Rb1 Bxc5 0-1

[Event "Uhlenkoeper-Open 2024"]
[Site "Uelzen"]
[Date "2024.12.28"]
[Round "3.9"]
[White "Carmesin, Leon Lucas Finn"]
[Black "Krueger, Daniel"]
[Result "0-1"]
[ECO "D36"]
[WhiteElo "2081"]
[BlackElo "1858"]
[Annotator "NA RC"]
[PlyCount "64"]
[EventDate "2024.12.27"]
[EventType "swiss"]
[EventCountry "GER"]
[SourceTitle "playchess.com"]
[Source "ChessBase"]
[SourceQuality "1"]
[TimeControl "40/5400+30:1800+30"]

1. d4 d5 2. c4 e6 3. Nc3 Nf6 4. cxd5 exd5 5. Bg5 Be7 6. e3 O-O 7. Bd3 Re8 8. Nge2 Nbd7 9. O-O c6 10. Qc2 h6 11. Bh4 Nh5 12. Bxe7 Qxe7 13. Rab1 Nb6 14. b4 a6 15. a4 Bg4 16. Ng3 Nxg3 17. hxg3 h5 18. b5 axb5 19. axb5 c5 20. dxc5 Qxc5 21. Rfc1 Rec8 22. Qd2 Nc4 23. Bxc4 dxc4 24. Ne4 Qe5 25. Nc3 Rd8 26. Qe1 Rd3 27. Ne2 Ra2 28. Nf4 Rdd2 29. Rxc4 g5 30. Nh3 Bxh3 31. gxh3 Rxf2 32. Rc8+ Kh7 0-1

[Event "Uhlenkoeper-Open 2024"]
[Site "Uelzen"]
[Date "2024.12.28"]
[Round "3.10"]
[White "Raddatz, Michael"]
[Black "Petersen, Malte"]
[Result "1-0"]
[ECO "C54"]
[WhiteElo "1927"]
[BlackElo "1780"]
[Annotator "NA RC"]
[PlyCount "73"]
[EventDate "2024.12.27"]
[EventType "swiss"]
[EventCountry "GER"]
[SourceTitle "playchess.com"]
[Source "ChessBase"]
[SourceQuality "1"]
[TimeControl "40/5400+30:1800+30"]

1. e4 e5 2. Nf3 Nc6 3. Bc4 Bc5 4. c3 Nf6 5. d3 d6 6. O-O O-O 7. Bg5 Qe7 8. b4 Bb6 9. a4 a5 10. b5 Nb8 11. Nbd2 Be6 12. d4 h6 13. Bh4 Nbd7 14. Qb3 Bxc4 15. Qxc4 g5 16. Bg3 exd4 17. Nxd4 Nxe4 18. Nf5 Qf6 19. Qxe4 Rae8 20. Qc2 h5 21. h4 Re2 22. Nd4 Bxd4 23. cxd4 gxh4 24. Qd3 Rfe8 25. Bh2 h3 26. Qxh3 Rxd2 27. Qxd7 Ree2 28. Bg3 Qg7 29. Qd8+ Kh7 30. Qh4 Qg6 31. Rac1 Re4 32. Qd8 Rdxd4 33. Rxc7 h4 34. Qf8 hxg3 35. Rxf7+ Qxf7 36. Qxf7+ Kh6 37. fxg3 1-0

[Event "Uhlenkoeper-Open 2024"]
[Site "Uelzen"]
[Date "2024.12.28"]
[Round "4.1"]
[White "Glek, Igor"]
[Black "Stopa, Jacek"]
[Result "1/2-1/2"]
[ECO "B06"]
[WhiteElo "2431"]
[BlackElo "2323"]
[Annotator "TA"]
[PlyCount "37"]
[EventDate "2024.12.27"]
[EventType "swiss"]
[EventCountry "GER"]
[SourceTitle "playchess.com"]
[Source "ChessBase"]
[SourceQuality "1"]
[TimeControl "40/5400+30:1800+30"]

1. e4 g6 2. d4 Bg7 3. Nc3 d6 4. f4 a6 5. Nf3 b5 6. Bd3 Nd7 7. Be3 Bb7 8. e5 c5 9. Be4 Bxe4 10. Nxe4 Nh6 11. c3 cxd4 12. cxd4 Qb6 (12... Nb6 $11 {might be stronger.}) 13. Bf2 O-O 14. O-O Ng4 15. Qe2 Nxf2 16. Qxf2 dxe5 17. dxe5 f6 18. Rad1 Qc6 19. exf6 1/2-1/2

[Event "Uhlenkoeper-Open 2024"]
[Site "Uelzen"]
[Date "2024.12.28"]
[Round "4.2"]
[White "Bagrationi, Alexander"]
[Black "Parvanyan, Ashot"]
[Result "1/2-1/2"]
[ECO "A70"]
[WhiteElo "2384"]
[BlackElo "2399"]
[Annotator "TA"]
[PlyCount "82"]
[EventDate "2024.12.27"]
[EventType "swiss"]
[EventCountry "GER"]
[SourceTitle "playchess.com"]
[Source "ChessBase"]
[SourceQuality "1"]
[TimeControl "40/5400+30:1800+30"]

1. d4 Nf6 2. c4 g6 3. Nc3 Bg7 4. e4 d6 5. h3 O-O 6. Be3 c5 7. d5 e6 8. Nf3 exd5 9. cxd5 Re8 10. Nd2 a6 11. a4 Nxe4 $1 12. Ncxe4 f5 $1 {[%emt 0:00:06] [#]} 13. Be2 $1 fxe4 14. Nc4 a5 15. Bf4 {[%emt 0:09:59][%cal Oe1g1][%mdl 1024] White has compensation.} Bf8 16. O-O Na6 17. Ra3 Nb4 18. Re3 b5 19. axb5 Bb7 20. Ra3 Bxd5 21. Ra4 Bxc4 22. Bxc4+ Kg7 {[%emt 0:00:07] Black is weak on the light squares} (22... d5 23. Rxb4 dxc4 24. Rxc4 $16) 23. Rxb4 axb4 24. Qd5 {[%emt 0:02:30] Intending Qg8+ and mate.} Be7 25. Rd1 (25. Qxe4 Bg5 26. Qb7+ Re7 $19) (25. Qf7+ Kh8 26. Qd5 Bf6 27. Bxd6 Bd4 $17 (27... Bxb2 28. Bxc5 Rc8 29. Bxb4 $15)) 25... Kh8 26. b3 ({Of course not} 26. Qxe4 Bg5 $17) 26... Bf6 27. Bxd6 Ra1 28. Rxa1 Bxa1 29. Qxc5 (29. Bxc5 $2 Qxd5 30. Bxd5 Re5 31. Bxe4 Rxc5 $19) 29... Qf6 $1 30. Bg3 {[%emt 0:00:50] This pair of bishops is nice.} (30. Qxb4 $2 {is the wrong capture.} Bd4 31. Bg3 e3 $19) (30. Qc6 $14 Rd8 31. Bg3 (31. Bxb4 Rd1+ 32. Bf1 Qxc6 $17)) 30... Bd4 $11 31. Qc6 Qxc6 32. bxc6 {[%emt 0:00:07][%mdl 4096] Endgame Strongly threatening c7. KRB-KB} Be5 $1 33. Bh4 h6 {[%emt 0:00:30] Threatens to win with ...g5.} 34. f3 $1 exf3 35. gxf3 g5 36. Bf2 Rc8 37. Bd5 Rd8 38. Bc4 Rd6 39. Bb5 Rd5 40. Bc4 Rd6 41. Bb5 Rd5 (41... Rd1+ $1 $15 42. Kg2 Bc7) 1/2-1/2

[Event "Uhlenkoeper-Open 2024"]
[Site "Uelzen"]
[Date "2024.12.28"]
[Round "4.3"]
[White "Buecklers, Martin"]
[Black "Stelmaszyk, Nico"]
[Result "0-1"]
[ECO "A07"]
[WhiteElo "1859"]
[BlackElo "2403"]
[Annotator "TA"]
[PlyCount "35"]
[EventDate "2024.12.27"]
[EventType "swiss"]
[EventCountry "GER"]
[SourceTitle "playchess.com"]
[Source "ChessBase"]
[SourceQuality "1"]
[TimeControl "40/5400+30:1800+30"]

1. Nf3 d5 2. g3 Nd7 3. c4 dxc4 4. Na3 e5 5. Qc2 Bxa3 6. bxa3 b5 (6... Ngf6 $15) 7. Qe4 (7. Bg2 $11) 7... Rb8 $17 8. Bh3 (8. Qe3 $17) 8... Ngf6 $19 9. Bxd7+ Nxd7 (9... Kxd7 10. Qf5+ Kc6 11. Qxe5 $15) 10. Bb2 (10. d3 $17) 10... Bb7 11. Qe3 f6 12. O-O O-O 13. a4 b4 ({Don't play} 13... bxa4 14. Ba3 Re8 15. Rfd1) 14. Qxa7 $2 (14. a5 {was necessary.}) 14... Nb6 15. a5 Na4 16. Rab1 {[%emt 0:00:08] White is weak on the light squares} c5 17. Bc1 (17. Nxe5 $142 Re8 (17... fxe5 $2 18. a6 $19) 18. a6) 17... Rf7 {[%emt 0:01:07] And now ...Bxf3 would win.} 18. Ra1 0-1

[Event "Uhlenkoeper-Open 2024"]
[Site "Uelzen"]
[Date "2024.12.28"]
[Round "4.4"]
[White "Bargsten, Justus"]
[Black "von Estorff, Jacob"]
[Result "0-1"]
[ECO "B31"]
[WhiteElo "2228"]
[BlackElo "2209"]
[Annotator "RC"]
[PlyCount "54"]
[EventDate "2024.12.27"]
[EventType "swiss"]
[EventCountry "GER"]
[SourceTitle "playchess.com"]
[Source "ChessBase"]
[SourceQuality "1"]
[TimeControl "40/5400+30:1800+30"]

1. e4 c5 2. Nf3 Nc6 3. Bb5 g6 4. c3 Nf6 5. Qe2 Qb6 6. Na3 Bg7 7. e5 Nd5 8. Qe4 Nc7 9. Be2 a6 10. O-O O-O 11. d4 cxd4 12. cxd4 d5 13. Qh4 Bf5 14. b3 Qb4 15. Bb2 f6 16. Rac1 Ne6 17. Nc2 Bxc2 18. Rxc2 fxe5 19. Bc3 Qd6 20. dxe5 Nxe5 21. Nxe5 Bxe5 22. Bxe5 Qxe5 23. Qxe7 Rf7 24. Qa3 Nd4 25. Qb2 Re8 26. Bf3 Rxf3 27. Rd2 Rd3 0-1

[Event "Uhlenkoeper-Open 2024"]
[Site "Uelzen"]
[Date "2024.12.28"]
[Round "4.5"]
[White "Weigand, Anton"]
[Black "Bogomolow, Sergej"]
[Result "0-1"]
[ECO "C77"]
[WhiteElo "2092"]
[BlackElo "2090"]
[Annotator "NA RC"]
[PlyCount "82"]
[EventDate "2024.12.27"]
[EventType "swiss"]
[EventCountry "GER"]
[SourceTitle "playchess.com"]
[Source "ChessBase"]
[SourceQuality "1"]
[TimeControl "40/5400+30:1800+30"]

1. e4 e5 2. Nf3 Nc6 3. Bb5 a6 4. Ba4 Nf6 5. Nc3 Bc5 6. Nxe5 Nxe5 7. d4 Bd6 8. O-O O-O 9. dxe5 Bxe5 10. Nd5 c6 11. f4 cxd5 12. fxe5 Qb6+ 13. Kh1 Nxe4 14. Qf3 d6 15. c4 dxe5 16. cxd5 f5 17. Bc2 Bd7 18. Be3 Qxb2 19. Bxe4 fxe4 20. Qxe4 Bf5 21. Qh4 Bd3 22. Rxf8+ Rxf8 23. Re1 Qxa2 24. Bc5 Re8 25. d6 Bb5 26. Qe4 Bc6 27. d7 Rd8 28. Qg4 Rxd7 29. h3 h6 30. Re2 Qb1+ 31. Kh2 Rd1 32. Qe6+ Kh7 33. Qxe5 Rh1+ 34. Kg3 Qg6+ 35. Kf4 Bxg2 36. Bd4 Rf1+ 37. Ke3 Rf3+ 38. Kd2 Qd3+ 39. Kc1 Rf1+ 40. Kb2 Rb1+ 41. Ka2 Qb3# 0-1

[Event "Uhlenkoeper-Open 2024"]
[Site "Uelzen"]
[Date "2024.12.28"]
[Round "4.6"]
[White "Ritter, Uwe"]
[Black "Askerov, Imamali"]
[Result "0-1"]
[ECO "A32"]
[WhiteElo "1954"]
[BlackElo "2007"]
[Annotator "RC"]
[PlyCount "112"]
[EventDate "2024.12.27"]
[EventType "swiss"]
[EventCountry "GER"]
[SourceTitle "playchess.com"]
[Source "ChessBase"]
[SourceQuality "1"]
[TimeControl "40/5400+30:1800+30"]

1. Nf3 Nf6 2. c4 c5 3. Nc3 e6 4. d4 cxd4 5. Nxd4 a6 6. g3 Qc7 7. Bg2 Qxc4 8. Bg5 Nc6 9. Nb3 Bb4 10. Rc1 Ne4 11. Nd2 Bxc3 12. bxc3 Nxd2 13. Qxd2 d5 14. O-O O-O 15. Rfe1 f5 16. Bf1 Qc5 17. Be3 Qa5 18. c4 Qxd2 19. Bxd2 dxc4 20. Rxc4 e5 21. Rb1 Be6 22. Rc5 Rf7 23. e4 fxe4 24. a4 Rd8 25. Be3 Nd4 26. Rb6 Ba2 27. Kg2 Nf3 28. Be2 h6 29. Rb4 Bd5 30. Rxd5 Rxd5 31. Bc4 Ne1+ 32. Kh3 Nd3 33. Rxb7 Rxb7 34. Bxd5+ Rf7 35. Kg4 g6 36. h4 Kg7 37. Bxf7 Kxf7 38. h5 Kf6 39. hxg6 Kxg6 40. a5 Ne1 41. Bb6 Nf3 42. Kh3 Ng5+ 43. Kg2 Kf5 44. Kf1 h5 45. Ke2 Ke6 46. Ke3 Kd5 47. Bd8 Ne6 48. Bb6 Ng7 49. Ke2 Nf5 50. Be3 Nd4+ 51. Kd1 Kc4 52. Bg5 Kd3 53. Bd2 Nf5 54. Be1 e3 55. f3 e2+ 56. Kc1 Nd4 0-1

[Event "Uhlenkoeper-Open 2024"]
[Site "Uelzen"]
[Date "2024.12.28"]
[Round "4.7"]
[White "Dehn, Marcus"]
[Black "Wilk, Clemens"]
[Result "1/2-1/2"]
[ECO "D12"]
[WhiteElo "2053"]
[BlackElo "1869"]
[Annotator "NA RC"]
[PlyCount "76"]
[EventDate "2024.12.27"]
[EventType "swiss"]
[EventCountry "GER"]
[SourceTitle "playchess.com"]
[Source "ChessBase"]
[SourceQuality "1"]
[TimeControl "40/5400+30:1800+30"]

1. d4 d5 2. Nf3 Nf6 3. e3 Bf5 4. c4 c6 5. Qb3 Qb6 6. c5 Qc7 7. Ne5 Nbd7 8. f4 h5 9. Nd2 e6 10. Ndf3 Nxe5 11. fxe5 Ne4 12. Bd3 Be7 13. Qc2 g6 14. O-O h4 15. b4 a6 16. Bd2 Ng5 17. a4 Nxf3+ 18. gxf3 Bxd3 19. Qxd3 Kf8 20. b5 axb5 21. axb5 Kg7 22. Rfb1 Rhc8 23. Qb3 Qd7 24. Kf2 Bd8 25. Ke2 Rxa1 26. Rxa1 b6 27. cxb6 cxb5 28. Ra5 Bxb6 29. Rxb5 Bd8 30. h3 Qc6 31. Rc5 Qd7 32. Rxc8 Qxc8 33. Qb5 Qc2 34. Qd3 Qb2 35. Qc3 Qb1 36. Qc8 Qb5+ 37. Ke1 Ba5 38. Bxa5 Qxa5+ 1/2-1/2

[Event "Uhlenkoeper-Open 2024"]
[Site "Uelzen"]
[Date "2024.12.28"]
[Round "4.8"]
[White "Buergener, Richard"]
[Black "Tarasenko, Nazar"]
[Result "1-0"]
[ECO "B22"]
[WhiteElo "1857"]
[BlackElo "2011"]
[Annotator "NA RC"]
[PlyCount "46"]
[EventDate "2024.12.27"]
[EventType "swiss"]
[EventCountry "GER"]
[SourceTitle "playchess.com"]
[Source "ChessBase"]
[SourceQuality "1"]
[TimeControl "40/5400+30:1800+30"]

1. e4 c5 2. c3 d5 3. exd5 Qxd5 4. d4 Nf6 5. Nf3 Bg4 6. Be2 e6 7. O-O Nc6 8. Be3 cxd4 9. cxd4 Qd6 10. Nc3 Be7 11. Rc1 O-O 12. Qd2 a6 13. Rfd1 Rfd8 14. Bf4 Qb4 15. a3 Qb6 16. Be3 Qa5 17. h3 Bh5 18. Qc2 Rac8 19. Qb3 Rd7 20. d5 Nxd5 21. Nxd5 Rxd5 22. Rxd5 Qxd5 23. Qxb7 Qd8 1-0